 Dungeon Crawl Stone Soup version 0.29-a0-90-gc37658a0fe (webtiles) character file.

Game seed: 8305933655949812521

7102 kae the Grappler (level 10, -5/100 HPs)
             Began as a Grey Draconian Transmuter on Feb 6, 2022.
             Was a Follower of Ru.
             Killed from afar by an orc wizard (16 damage)
             ... with a puff of flame
             ... on level 8 of the Dungeon.
             The game lasted 00:06:12 (11923 turns).

kae the Grappler (Grey Draconian Transmuter)       Turns: 11923, Time: 00:06:13

Health: -5/100     AC:  7    Str: 28    XL:     10   Next: 84%
Magic:  15/19      EV: 11    Int: 15    God:    Ru [*.....]
Gold:   606        SH:  0    Dex: 11    Spells: 12/21 levels left

rFire   x . .      SeeInvis .     - Unarmed
rCold   + + +      Faith    .   (shield currently unavailable)
rNeg    . . .      Spirit   .   (armour unavailable)
rPois   +          Reflect  .   (helmet currently unavailable)
rElec   .          Harm     .   (cloak currently unavailable)
rCorr   .          Rampage  .   (gloves currently unavailable)
Will    .....                   (boots currently unavailable)
Stlth   +.........              (no amulet)
HPRegen 0.26/turn               d - +6 ring of strength
MPRegen 0.16/turn               h - +6 ring of strength

@: ice-form, unable to drink
A: freezing attack, boosted hp, AC +12, amphibious, large, unfitting armour,
(cold-blooded), inability to drink while threatened
a: End Transformation, Renounce Religion


You were on level 8 of the Dungeon.
You worshipped Ru.
Ru was aware of your devotion.
You were a creature of crystalline ice.
You visited 1 branch of the dungeon, and saw 8 of its levels.

You collected 606 gold pieces.

Inventory:

Missiles
 q - 4 throwing nets
Jewellery
 d - a +6 ring of strength (left front paw)
 h - a +6 ring of strength (right front paw)
 k - a ring of protection from fire
 m - a ring of protection from fire
Wands
 g - a wand of flame (2)
Scrolls
 c - a scroll of brand weapon
 l - 6 scrolls of identify
 r - 2 scrolls of magic mapping
Potions
 a - 2 potions of haste
 b - 3 potions of heal wounds
 e - 4 potions of flight
 f - 2 potions of curing
 i - 2 potions of invisibility
 j - 2 potions of might
 n - a potion of degeneration {unknown}
 p - 2 potions of cancellation {unknown}
 s - a potion of brilliance {unknown}


   Skills:
 + Level 6.9 Fighting
 + Level 5.9 Dodging
 * Level 9.4 Unarmed Combat
 + Level 6.1 Spellcasting
 * Level 9.1 Transmutations
 - Level 2.0 Poison Magic


You had 12 spell levels left.
You knew the following spells:

 Your Spells              Type           Power      Damage    Failure   Level
a - Beastly Appendage     Tmut           64%        N/A       1%          1
b - Spider Form           Tmut/Pois      21%        N/A       4%          3
c - Ice Form              Ice/Tmut       18%        N/A       22%         4
d - Summon Small Mammal   Summ           16%        N/A       14%         1

Your spell library contained the following spells:

 Spells                   Type           Power      Damage    Failure   Level
 Sting                    Tmut/Pois      84%        1d7       1%          1
 Wereblood                Tmut           32%        N/A       1%          2
 Passwall                 Tmut/Erth      15%        N/A       3%          2
 Sandblast                Erth           8%         2d5       14%         1
 Slow                     Hex            16%        N/A       14%         1
 Poisonous Vapours        Pois/Air       14%        N/A       14%         2
 Static Discharge         Conj/Air       4%         N/A       22%         2
 Call Canine Familiar     Summ           4%         N/A       41%         3
 Confusing Touch          Hex            4%         N/A       41%         3
 Inner Flame              Hex/Fire       4%         N/A       41%         3
 Stone Arrow              Conj/Erth      8%         3d7       41%         3
 Summon Guardian Golem    Hex/Summ       4%         N/A       41%         3
 Vampiric Draining        Necr           4%         2d6       41%         3
 Olgreb's Toxic Radiance  Pois           10%        N/A       54%         4
 Cause Fear               Hex            2%         N/A       82%         4
 Lightning Bolt           Conj/Air       2%         1d13      99%         5
 Discord                  Hex            2%         N/A       100%        8
 Maxwell's Capacitive Co  Air            2%         ∞         100%        8


Dungeon Overview and Level Annotations

Branches:
Dungeon (8/15)             Temple (0/1) D:5
   Lair: D:8-11

Altars:
Ashenzari
Cheibriados
Nemelex Xobeh
Ru
Trog
The Shining One

Shops:
D:3 [   D:5 :

Annotations:
D:8 Grum


Innate Abilities, Weirdness & Mutations

You are a creature of crystalline ice.
You have a powerful freezing melee attack.
Your maximum health is increased.
Your armour is entirely melded.
You are incapable of wielding weapons or throwing items.
((Your dull iron-grey scales are very hard. (AC +12)))
You are amphibious.
You cannot fit into any form of body armour.
((You are cold-blooded and may be slowed by cold attacks.))
You sometimes lose the ability to drink potions when taking damage.


Message History

You hear some strange, mumbled words.
A puff of flame appears from out of thin air!
The puff of flame hits you! The fire burns you terribly!
You hit the wolf. You freeze the wolf.
The wolf is lightly wounded.
The wolf closely misses you.
Grum hits you from afar with a -2 halberd!
* * * LOW HITPOINT WARNING * * *
Something hits you but does no damage. The wolf closely misses you.
You punch the wolf! You freeze the wolf.
The wolf is almost dead.
Something hits you but does no damage. Grum closely misses you.
The wolf bites you.
* * * LOW HITPOINT WARNING * * *
Something hits you but does no damage.
You closely miss something. The wolf bites you.
* * * LOW HITPOINT WARNING * * *
You hear some strange, mumbled words.
A puff of flame appears from out of thin air!
The puff of flame hits you. The fire burns you terribly!
* * * LOW HITPOINT WARNING * * *
Grum barely misses you.
You pummel the wolf!! You freeze the wolf.
You kill the wolf!
Something hits you but does no damage.
You hear some strange, mumbled words.
A puff of flame appears from out of thin air!
The puff of flame hits you.
* * * LOW HITPOINT WARNING * * *
Grum barely misses you.
You cannot drink potions in your current state!
Unknown command.
Okay, then.
You punch something! You freeze something.
Something hits you but does no damage.
You closely miss something. Something hits you but does no damage.
You hear some strange, mumbled words.
A puff of flame appears from out of thin air!
The puff of flame hits you! The fire burns you terribly!
You die...

#..........# #..........#
#..........# #..........#
###..........######
...#+####'##......#######
.#...'.....#.....{))g...#
.#...#.....#......#.....#
.#...#.....#..))Y.#g....#
.#...###...#.).)..#...(.#
##...###+####.....#.....#
............#.....#.....#
............#.....#.....#
............#.....#.....#
....####'####.....###,,,*
########..#.........#****
..........#>........#


There were no monsters in sight!

Vanquished Creatures
  A boulder beetle (D:7)
  Harold (D:7)
  A centaur warrior (D:8)
  A deep elf pyromancer (D:8)
  A black mamba (shapeshifter) (D:8)
  Maggie (D:7)
  A hornet (D:8)
  A wyvern (D:8)
  A steam dragon (D:8)
  Duvessa (D:7)
  2 water moccasins
  2 sky beasts
  5 ice beasts
  2 ogres
  A black bear (D:6)
  4 orc warriors
  A centaur (D:7)
  2 necrophages
  A phantom (D:6)
  3 wolves (D:8)
  A bullfrog (D:8)
  A kobold brigand (D:8)
  A water moccasin zombie (D:6)
  3 scorpions
  Dowan (D:7)
  5 killer bees (D:8)
  An oklob sapling (D:5)
  2 bullfrog zombies
  3 centaur zombies
  2 jellies
  A hound (D:5)
  7 orc priests
  A gnoll shaman (D:8)
  4 iguanas
  Natasha (thrice) (D:2)
  4 orc wizards
  A killer bee zombie (D:8)
  4 adders
  5 gnolls (D:8)
  2 white imps
  An ufetubus (D:6)
  An adder skeleton (D:4)
  A worm (D:3)
  2 dart slugs
  22 orcs
  7 endoplasms
  5 giant cockroaches
  6 hobgoblins
  17 kobolds
  8 quokkas
  9 ball pythons
  4 bats
  A frilled lizard (D:1)
  A goblin (D:2)
  4 rats
174 creatures vanquished.

Vanquished Creatures (others)
  2 plants (D:5)
2 creatures vanquished.

Grand Total: 176 creatures vanquished

Notes
Turn   | Place    | Note
-------+----------+-------------------------------------------
     0 | D:1      | kae the Draconian Transmuter began the quest for the Orb.
     0 | D:1      | Reached XP level 1. HP: 16/16 MP: 3/3
    17 | D:1      | Noticed a minotaur skeleton
    17 | D:1      | Noticed a minotaur skeleton
   260 | D:1      | Found a faded altar of an unknown god.
   315 | D:1      | Reached XP level 2. HP: 22/23 MP: 3/5
   856 | D:2      | Reached XP level 3. HP: 25/28 MP: 4/6
   860 | D:2      | Learned a level 1 spell: Summon Small Mammal
   873 | D:2      | Learned a level 3 spell: Spider Form
  1004 | D:2      | Found a glowing golden altar of the Shining One.
  1515 | D:2      | Noticed Natasha
  1526 | D:2      | Killed Natasha
  1672 | D:2      | Reached XP level 4. HP: 36/36 MP: 5/7
  1835 | D:2      | Found a glowing golden altar of the Shining One.
  2152 | D:2      | Noticed Natasha
  2158 | D:2      | Killed Natasha
  2159 | D:2      | Reached skill level 1 in Poison Magic
  2313 | D:2      | Noticed Natasha
  2320 | D:2      | Killed Natasha
  2858 | D:3      | Found Vuacebb's Armour Shop.
  2952 | D:3      | Reached XP level 5. HP: 37/41 MP: 6/8
  2959 | D:3      | Learned a level 4 spell: Ice Form
  4348 | D:4      | Reached XP level 6. HP: 39/50 MP: 6/10
  4582 | D:5      | Entered Level 5 of the Dungeon
  5069 | D:5      | Noticed an ice beast
  5077 | D:5      | Killed an ice beast
  5078 | D:5      | Your scales start taking on a dull iron-grey colour.
  5078 | D:5      | Reached XP level 7. HP: 57/57 MP: 6/11
  5402 | D:5      | Reached skill level 5 in Unarmed Combat
  5432 | D:5      | Found a staircase to the Ecumenical Temple.
  5662 | D:5      | Found Bayps's Book Shop.
  6289 | D:6      | Reached skill level 5 in Transmutations
  6350 | D:6      | Reached XP level 8. HP: 41/66 MP: 11/13
  7010 | D:6      | Found a sacrificial altar of Ru.
  7032 | D:6      | Became a worshipper of Ru the Awakened
  7622 | D:7      | Found a broken altar of Ashenzari.
  7743 | D:7      | Noticed Harold
  7752 | D:7      | Killed Harold
  7753 | D:7      | Reached skill level 5 in Fighting
  7753 | D:7      | Reached XP level 9. HP: 42/74 MP: 11/15
  8006 | D:7      | Noticed Maggie
  8018 | D:7      | Killed Maggie
  8332 | D:7      | Found a snail-covered altar of Cheibriados.
  8401 | D:7      | Noticed a boulder beetle
  8413 | D:7      | Killed a boulder beetle
  8414 | D:7      | Reached skill level 5 in Dodging
  8414 | D:7      | Reached skill level 5 in Spellcasting
  8661 | D:7      | Noticed Duvessa
  8661 | D:7      | Noticed Dowan
  8666 | D:7      | Killed Duvessa
  8668 | D:7      | Killed Dowan
  8861 | D:7      | Found a sparkling altar of Nemelex Xobeh.
  8863 | D:7      | Found a bloodstained altar of Trog.
  9004 | D:7      | Reached XP level 10. HP: 83/83 MP: 9/17
  9485 | D:8      | Found the +5 scythe "Finisher" {speed, eviscerate}
  9487 | D:8      | Noticed a deep elf pyromancer
  9491 | D:8      | Noticed a black mamba
  9495 | D:8      | Killed a black mamba
  9498 | D:8      | Killed a deep elf pyromancer
  9871 | D:8      | Noticed a centaur warrior
  9880 | D:8      | Killed a centaur warrior
 10183 | D:8      | Gained mutation: You sometimes lose the ability to drink
                  | potions when taking damage. [Ru sacrifice]
 10183 | D:8      | Reached * piety under Ru
 10317 | D:8      | HP: 5/100 [poisoned by a killer bee]
 11894 | D:8      | Noticed Grum
 11923 | D:8      | Killed from afar by an orc wizard

Illustrated notes

Levels and vault maps discovered:
D:1:      shiori_arrival_whats_in_store_for_you, layout_rooms,
          ebering_ecumenical_altar_mist, serial_corexii_hall,
          chequers_hall_statues_y, chequers_hall_statues_corner_a
D:2:      layout_loops_ring, basic_altar, uniq_natasha
D:3:      layout_basic, serial_shops, shop, minivault_14,
          chequers_serial_rivers_large_a, grunt_decor_one_mirror,
          serial_bayou_ford_a
D:4:      layout_basic, hangedman_abyss_or_decor_stagger
D:5:      layout_loops_ring, minmay_temple_entry_oklob, serial_shops, shop,
          minmay_misc_feat_more_columns, minmay_misc_feat_x
D:6:      layout_basic, mainiacjoe_overflow_alcove_4
D:7:      layout_loops_ring, mainiacjoe_overflow_24_doors, lemuel_round_altar,
          jmf_multi_god_temple, uniq_harold, uniq_maggie, uniq_duvessa
D:8:      layout_gridville, minmay_the_grid_2x2 [minmay_the_grid_zigzag_pyramid,
          minmay_the_grid_doors, minmay_the_grid_empty,
          minmay_the_grid_prize_diamond_cup], uniq_grum

Skill      XL: |  1  2  3  4  5  6  7  8  9 10 |
---------------+-------------------------------+-----
Dodging        | 2 3 4 5 |  5.9
Poison Magic   | 1 2 |  2.0
Fighting       | 2 3 5 6 |  6.9
Transmutations | 3 4 5 6 7 9 |  9.1
Unarmed Combat | 4 5 7 8 9 |  9.4
Spellcasting   | 3 4 5 6 |  6.1

Action                   |  1- 3 |  4- 6 |  7- 9 | 10-12 || total
-------------------------+-------+-------+-------+-------++-------
Melee: Unarmed           |    84 |   144 |   172 |   120 ||   520
       Kick              |    14 |    14 |       |       ||    28
       Tailslap          |     5 |    15 |     4 |       ||    24
       Headbutt          |     5 |    14 |       |       ||    19
       Punch             |     1 |     1 |     4 |     1 ||     7
 Cast: Beastly Appendage |    20 |    21 |       |       ||    41
       Spider Form       |     1 |     7 |    11 |       ||    19
       Ice Form          |       |     1 |    14 |    20 ||    35
Invok: Sacrifice Drink   |       |       |       |     1 ||     1
Evoke: Wand              |       |       |     1 |       ||     1
  Use: Scroll            |     4 |     2 |       |     6 ||    12
       Potion            |       |       |     2 |       ||     2
Armor: Skin              |    25 |    30 |    43 |    52 ||   150
Dodge: Dodged            |    59 |   101 |    98 |    90 ||   348

Table legend: (Time is in decaauts)
 A = Elapsed time spent in this place.
 B = Non-inter-level travel time spent in this place.
 C = Inter-level travel time spent in this place.
 D = Time resting spent in this place.
 E = Time spent auto-exploring this place.
 F = Levels seen in this place.
 G = Mean time per level.
                   A        B        C        D        E       F      G
               +--------+--------+--------+--------+--------+-----+--------+
         Total |  11892 |  11644 |    248 |   1146 |   9187 |   8 | 1486.5 |
       Dungeon |  11892 |  11644 |    248 |   1146 |   9187 |   8 | 1486.5 |
               +--------+--------+--------+--------+--------+-----+--------+

Top non-repeatable levels by time:
     D:7: 2299 daAuts
     D:8: 1989 daAuts
     D:2: 1905 daAuts
     D:5: 1600 daAuts
     D:6: 1413 daAuts
     D:3: 1101 daAuts
     D:4: 895 daAuts
     D:1: 688 daAuts
